 Dungeon Crawl Stone Soup version 0.17.1-3-g152610e (webtiles) character file.

296 Jerry the Cudgeler (level 6, -17/78 HPs)
             Began as a Naga Warper on Mar 3, 2016.
             Demolished by Menkaure (20 damage)
             ... on level 4 of the Dungeon.
             The game lasted 00:29:34 (4257 turns).

Jerry the Cudgeler (Naga Warper)                    Turns: 4257, Time: 00:29:34

Health: -17/78     AC: 10    Str: 18    XL:     6   Next: 34%
Magic:  8/9        EV: 10    Int: 13    God:
Gold:   271        SH:  0    Dex: 13    Spells: 2 memorised, 6 levels left

rFire  + . .     SeeInvis +     a - +0 mace
rCold  . . .     Clarity  .     b - +0 leather armour
rNeg   . . .     SustAt   .     (no shield)
rPois  +         Gourm    .     g - +2 helmet
rElec  .         Spirit   .     A - +2 cloak
rCorr  .         Warding  .     (no gloves)
rMut   .         Stasis   .     (no barding)
MR     .....                    j - amulet of rage
Stlth  ..........               (no ring)
                                y - ring of protection from fire

@: berserking (expiring), shrouded (expiring), quick, not resistant to hostile
enchantments, extremely unstealthy
A: see invisible, deformed body, poison resistance, slowness 2, slow metabolism
1, spit poison 2, AC +2
a: Spit Poison, Evoke Berserk Rage


You were on level 4 of the Dungeon.
You were not hungry.

You visited 1 branch of the dungeon, and saw 4 of its levels.

You collected 271 gold pieces.

Inventory:

Hand Weapons
 a - a +0 mace (weapon)
 u - a -1 whip
Missiles
 e - 5 tomahawks of dispersal (quivered)
Armour
 b - a +0 leather armour (worn)
 g - a +2 helmet (worn)
 A - a +2 cloak (worn)
Jewellery
 j - an amulet of rage (around neck)
 y - a ring of protection from fire (left hand)
Wands
 n - a wand of frost (30)
Scrolls
 d - a scroll of blinking
 f - 2 scrolls of recharging
 p - a scroll of remove curse
 s - a scroll of identify
Potions
 h - a potion of flight
 i - a potion of mutation {unknown}
 m - a potion of berserk rage {unknown}
 o - a potion of curing {unknown}
 v - a potion of invisibility {unknown}
 w - a potion of heal wounds {unknown}
 x - a potion of cure mutation {unknown}
Books
 c - a book of Spatial Translocations

   Spells                             Type                      Level
   a - Apportation                    Translocation                1
   b - Blink                          Translocation                2
   c - Shroud of Golubria             Charms/Translocation         2
   d - Portal Projectile              Translocation                3
   e - Teleport Other                 Translocation                3
   f - Passage of Golubria            Translocation                4
 r - a book of the Tempests

   Spells                             Type                      Level
   a - Static Discharge               Conjuration/Air              3
   b - Lightning Bolt                 Conjuration/Air              5
   c - Fireball                       Conjuration/Fire             5
   d - Tornado                        Air                          9
   e - Shatter                        Earth                        9
Comestibles
 k - a meat ration
 l - a beef jerky
 q - 3 bread rations
 z - a fruit


   Skills:
 - Level 2.0 Fighting
 + Level 3.9 Maces & Flails
 - Level 0.8 Throwing
 + Level 2.8 Armour
 - Level 2.0 Dodging
 - Level 2.0 Spellcasting
 - Level 2.0 Charms
 - Level 3.0 Translocations
 + Level 2.2 Evocations


You had 6 spell levels left.
You knew the following spells:

 Your Spells              Type           Power        Failure   Level  Hunger
a - Apportation           Tloc           #.........   10%         1    ##.....
b - Shroud of Golubria    Chrm/Tloc      #.........   17%         2    ###....


Dungeon Overview and Level Annotations

Branches:
Dungeon (4/15)
 Temple: D:4-7

Altars:
Fedhas
Gozag
Ru
Sif Muna
Trog
Vehumet
Zin
The Shining One

Annotations:
D:4 Menkaure


Innate Abilities, Weirdness & Mutations

You cannot wear boots.
Your serpentine skin is tough (AC +2).
You have supernaturally acute eyesight.
Armour fits poorly on your strangely shaped body.
Your system is resistant to poisons.
You cover ground very slowly.
You have a slow metabolism.
You can spit poison.


Message History

Unknown command.
You fail to use your ability.
A red film seems to cover your vision as you go berserk!
You feel yourself moving faster!
You feel mighty!
You feel a strong urge to attack something.
Menkaure calls on the powers of darkness!
Your body is wracked with pain!
* * * LOW HITPOINT WARNING * * *
The giant cockroach convulses!
The orc convulses!
Menkaure hits you!
* * * LOW HITPOINT WARNING * * *
You barely miss Menkaure. You sock Menkaure!
Menkaure is moderately damaged.
Your shroud begins to fray at the edges.
Menkaure hits you!
* * * LOW HITPOINT WARNING * * *
You sock Menkaure!
Menkaure is severely damaged.
Menkaure hits you!!
You die...

.......... ......... ....s.
.......# ...oM. .......# #....
.......# #...#+#
.......######## #...#.###
....).......... .......
......#############.##.##
(...............@Mso....#
......##.#.#########.#..#######
......##.#.# #..........#
########.#)# ##.........#
.........#.# #.........#
####..(..#.# #.>.....).+
#.....#'####### ##........#
#.............#####.#######.
#.............#.....#


You could see Menkaure, an orc and a giant cockroach.

Vanquished Creatures
  An orc priest (D:3)
  A centaur skeleton (D:4)
  A worker ant (D:4)
  Natasha (thrice) (D:4)
  An iguana (D:4)
  7 adders
  2 worms
  2 giant geckos
  4 orcs
  11 bats
  4 goblins
  10 hobgoblins
  11 jackals
  4 kobolds (D:1)
  3 quokkas
  3 ball pythons
  2 giant cockroaches
  2 giant newts
  9 rats
81 creatures vanquished.

Notes
Turn   | Place    | Note
--------------------------------------------------------------
     0 | D:1      | Jerry the Naga Warper began the quest for the Orb.
     0 | D:1      | Reached XP level 1. HP: 19/19 MP: 3/3
   333 | D:1      | Reached skill level 1 in Armour
   336 | D:1      | Reached XP level 2. HP: 10/26 MP: 5/5
   530 | D:1      | Learned a level 2 spell: Shroud of Golubria
  1525 | D:2      | Reached skill level 1 in Charms
  1525 | D:2      | Reached XP level 3. HP: 17/32 MP: 6/6
  1870 | D:2      | Found a glowing silver altar of Zin.
  1871 | D:2      | Found a radiant altar of Vehumet.
  1873 | D:2      | Found a deep blue altar of Sif Muna.
  1873 | D:2      | Found a sacrificial altar of Ru.
  1873 | D:2      | Found a bloodstained altar of Trog.
  1875 | D:2      | Found an opulent altar of Gozag.
  1875 | D:2      | Found a blossoming altar of Fedhas.
  1876 | D:2      | Found a glowing golden altar of the Shining One.
  2002 | D:2      | Reached XP level 4. HP: 39/39 MP: 3/7
  2985 | D:3      | Reached skill level 1 in Evocations
  2985 | D:3      | Reached XP level 5. HP: 36/45 MP: 4/8
  3718 | D:4      | Noticed Natasha
  3734 | D:4      | Killed Natasha
  3878 | D:4      | Reached XP level 6. HP: 52/52 MP: 6/9
  3963 | D:4      | Noticed Natasha
  3985 | D:4      | Killed Natasha
  3985 | D:4      | Noticed Natasha
  3994 | D:4      | Killed Natasha
  4246 | D:4      | Noticed Menkaure
  4256 | D:4      | HP: 3/78 [Menkaure (7)]
  4257 | D:4      | Demolished by Menkaure

Action                   |  1- 3 |  4- 6 || total
-------------------------+-------+-------++-------
Melee: Mace              |   113 |   181 ||   294
       Whip              |       |     7 ||     7
 Cast: Shroud of Golubri |     7 |    28 ||    35
 Abil: Spit Poison       |    10 |    31 ||    41
       Evoke Berserk Rag |       |     4 ||     4
  Use: Scroll            |     1 |     5 ||     6
  Eat: Bread ration      |     1 |       ||     1
       Chunk             |       |    12 ||    12
